 Dungeon Crawl Stone Soup version 0.30-a0-622-gddc90eaa04 (webtiles) character file.

Game seed: 8156616322109742129

120 Dirtsage the Changer (level 5, -3/33 HPs)
             Began as an Octopode Transmuter on Jan 10, 2023.
             Killed from afar by an orc wizard (7 damage)
             ... with a magic dart
             ... on level 4 of the Dungeon.
             The game lasted 00:04:27 (1526 turns).

Dirtsage the Changer (Octopode Transmuter)          Turns: 1526, Time: 00:04:28

Health: -3/33      AC:  1    Str:  9    XL:     5   Next: 4%
Magic:  8/8        EV: 13    Int: 18    God:
Gold:   157        SH:  0    Dex: 12    Spells: 1/8 levels left

rFire   . . .      SeeInvis .      - Unarmed
rCold   . . .      Faith    .    (no shield)
rNeg    . . .      Spirit   .    (helmet restricted)
rPois   .          Reflect  .    (no amulet)
rElec   .          Harm     .    (no ring)
rCorr   .          Rampage  .    (no ring)
Will    .....                    (no ring)
Stlth   ++                       (no ring)
HPRegen 0.25/turn                (no ring)
MPRegen 0.11/turn                (no ring)
                                 (no ring)
                                 (no ring)

@: attractive
A: almost no armour, amphibious, 8 rings, camouflage 1, gelatinous body 1,
(nimble swimmer 1), tentacles
a: no special abilities


You were on level 4 of the Dungeon.
You visited 1 branch of the dungeon, and saw 4 of its levels.

You collected 157 gold pieces.

Inventory:

Magical Staves
 k - a staff of conjuration
Wands
 m - a wand of iceblast (2)
Scrolls
 b - 2 scrolls of teleportation {unknown}
 g - 3 scrolls of identify {unknown}
 i - 3 scrolls of fog {unknown}
 j - a scroll of enchant armour {unknown}
 n - a scroll of blinking {unknown}
Potions
 a - a potion of lignification
 c - a potion of resistance {unknown}
 d - a potion of might
 f - 2 potions of brilliance


   Skills:
 - Level 1.0 Fighting
 - Level 2.0 Dodging
 - Level 3.0 Unarmed Combat
 - Level 2.0 Spellcasting
 * Level 3.8 Transmutations
 * Level 3.0 Ice Magic


You had one spell level left.
You knew the following spells:

 Your Spells              Type           Power      Damage    Failure   Level
a - Beastly Appendage     Tmut           30%        N/A       3%          1
b - Wereblood             Tmut           15%        N/A       6%          2
c - Ice Form              Ice/Tmut       14%        N/A       41%         4

Your spell library contained the following spells:

 Spells                   Type           Power      Damage    Failure   Level
 Spider Form              Tmut/Pois      8%         N/A       26%         3
 Animate Dead             Necr           1%         N/A       87%         4
 Borgnjor's Vile Clutch   Necr/Erth      0%         N/A       99%         5
 Death Channel            Necr           0%         N/A       100%        6


Dungeon Overview and Level Annotations

Branches:
Dungeon (4/15)
 Temple: D:4-7

Altars:

Shops:
D:1 =   D:3 (


Innate Abilities, Weirdness & Mutations

You cannot wear most types of armour.
You are amphibious.
You can wear up to eight rings at the same time.
Your skin changes colour to match your surroundings (Stealth+).
Your rubbery body absorbs attacks. (AC +1, EV +1)
((You are camouflaged when in or above water. (Stealth+)))
You have tentacles for arms and can constrict up to eight enemies at once.


Message History

Your tentacle spike disappears.
The orc shouts!
Something hits you.
You take 2 damage, and have 12/33 hp.
You miss something. Something hits you.
* * * LOW HITPOINT WARNING * * *
You take 4 damage, and have 8/33 hp.
Something hits you.
* * * LOW HITPOINT WARNING * * *
You take 2 damage, and have 6/33 hp.
Something hits you.
* * * LOW HITPOINT WARNING * * *
You feel less confused.
Okay, then.
It was a potion of cancellation.
Your magical effects are unravelling.
You feel magically purged.
You feel a little less mighty now.
You feel a little less clever now. Something hits you.
* * * LOW HITPOINT WARNING * * *
You take 4 damage, and have 2/33 hp.
It was a potion of attraction.
You feel attractive to monsters. Something barely misses you.
It was a potion of curing.
You feel better. Something hits you.
* * * LOW HITPOINT WARNING * * *
You regained 6 hp, and now have 8/33 hp.
You closely miss something. Your squeeze misses something.
You hear some strange, mumbled words.
A magic dart appears from out of thin air!
The magic dart hits you.
* * * LOW HITPOINT WARNING * * *
The quokka twitches its whiskers.
You take 4 damage, and have 4/33 hp.
You tentacle-slap the orc. Your grab misses the orc.
The orc is moderately wounded.
You hear some strange, mumbled words.
A magic dart appears from out of thin air!
The magic dart hits you!
You die...

.#. ...# #..# #..#
.##.###..## ##
......... S# ..
#..####o###...
..#.#.#.roo{@.......
.......()###########
..#.#.#### .. ...
###


You could see an adder, 3 orcs and a quokka.

Vanquished Creatures
  Ijyb (D:3)
  A gnoll (D:1)
  4 adders
  2 dart slugs
  An orc (D:4)
  4 endoplasms
  4 giant cockroaches
  4 goblins
  4 hobgoblins
  2 jackals (D:1)
  A quokka (D:2)
  6 ball pythons
  A bat (D:3)
  4 frilled lizards
  4 kobolds
  3 rats (D:1)
46 creatures vanquished.

Notes
Turn   | Place    | Note
-------+----------+-------------------------------------------
     0 | D:1      | Dirtsage the Octopode Transmuter began the quest for the
                  | Orb.
     0 | D:1      | Reached XP level 1. HP: 13/13 MP: 3/3
    85 | D:1      | Reached skill level 1 in Ice Magic
    85 | D:1      | Reached XP level 2. HP: 17/18 MP: 5/5
   132 | D:1      | Found a faded altar of an unknown god.
   255 | D:1      | Found Vuanaul's One-of-a-Kind Rings.
   257 | D:1      | Reached XP level 3. HP: 23/23 MP: 6/6
   917 | D:2      | Reached XP level 4. HP: 19/28 MP: 5/7
  1254 | D:3      | Noticed Ijyb
  1282 | D:3      | Killed Ijyb
  1331 | D:3      | Found Jiqyth's Weapon Boutique.
  1422 | D:3      | Reached XP level 5. HP: 31/33 MP: 6/8
  1450 | D:3      | Learned a level 2 spell: Wereblood
  1455 | D:3      | Learned a level 4 spell: Ice Form
  1526 | D:4      | Killed from afar by an orc wizard

Illustrated notes

Levels and vault maps discovered:
D:1:      minmay_arrival_up_and_down, layout_basic,
          dreamdust_ecumenical_altar_grove, hangedman_decor_growths,
          nicolae_shop_unique_rings
D:2:      layout_loops_cross, minmay_tetromino_s2
D:3:      cheibrodos_pilgrimage, layout_basic, mainiacjoe_overflow_boulevard,
          serial_shops, shop, uniq_ijyb, uniq_natasha
D:4:      layout_loops_ring, minmay_temple_entry_junction,
          ebering_ghost_reflecting_pool, roderic_batcave,
          nicolae_concentric_dashed_squares_mild

Skill      XL: |  1  2  3  4 |
---------------+-------------+-----
Ice Magic      | 1 2 3 |  3.0
Transmutations | 3 |  3.8
Fighting       | |  1.0
Dodging        | |  2.0
Unarmed Combat | |  3.0
Spellcasting   | |  2.0

Action                   |  1- 3 |  4- 6 || total
-------------------------+-------+-------++-------
Melee: Unarmed           |    65 |    38 ||   103
       Kick              |    17 |    10 ||    27
       Constrict         |    17 |     9 ||    26
       Tentacles         |    16 |     7 ||    23
       Punch             |     2 |       ||     2
 Cast: Beastly Appendage |    16 |     6 ||    22
  Use: Potion            |       |     5 ||     5
 Stab: Sleeping          |     3 |     3 ||     6
Armor: Skin              |     1 |     1 ||     2
Dodge: Dodged            |    36 |    17 ||    53

Table legend: (Time is in decaauts)
 A = Elapsed time spent in this place.
 B = Non-inter-level travel time spent in this place.
 C = Inter-level travel time spent in this place.
 D = Time resting spent in this place.
 E = Time spent auto-exploring this place.
 F = Levels seen in this place.
 G = Mean time per level.
                   A        B        C        D        E       F      G
               +--------+--------+--------+--------+--------+-----+--------+
         Total |   1520 |   1454 |     66 |      0 |   1115 |   4 |  380.0 |
       Dungeon |   1520 |   1454 |     66 |      0 |   1115 |   4 |  380.0 |
               +--------+--------+--------+--------+--------+-----+--------+

Top non-repeatable levels by time:
     D:2: 679 daAuts
     D:1: 545 daAuts
     D:3: 271 daAuts
     D:4: 23 daAuts
